 Dungeon Crawl Stone Soup version 0.14-a0-848-g57a047c (webtiles) character file.

151 PolkaDot the Ruinous (level 4, -2/30 HPs)
             Began as a Vampire Conjurer on Nov 14, 2013.
             Slain by Sigmund
             ... wielding a +1,+0 scythe
              (4 damage)
             ... while paralysed by Grinder
             ... on Level 3 of the Dungeon.
             The game lasted 00:10:30 (3523 turns).

PolkaDot the Ruinous (Vampire Conjurer)             Turns: 3523, Time: 00:10:30

HP  -2/30        AC  2     Str  7      XL: 4   Next: 46%
MP   6/8         EV  2     Int 18      God:
Gold 51          SH  0     Dex 14      Spells:  2 memorised,  2 levels left

Res.Fire  : . . .   See Invis. : +   b - +3,+0 dwarf short sword
Res.Cold  : . . .   Warding    : .   a - +0 robe
Life Prot.: + . .   Conserve   : .   (no shield)
Res.Poison: .       Res.Corr.  : .   (no helmet)
Res.Elec. : .       Clarity    : .   (no cloak)
Sust.Abil.: . .     Spirit.Shd : .   (no gloves)
Res.Mut.  : .       Stasis     : .   (no boots)
Res.Rott. : .       Flight     : .   d - amulet of rage
Saprovore : . . .                    (no ring)
                                     (no ring)

@: paralysed, slightly resistant to hostile enchantments, stealthy
A: fangs 3, see invisible, unbreathing
a: Bat Form, Evoke Berserk Rage


You were on level 3 of the Dungeon.
You were not thirsty.

You visited 1 branch of the dungeon, and saw 3 of its levels.

You collected 51 gold pieces.

Inventory:

Hand weapons
 b - a +3,+0 dwarven short sword (weapon)
Armour
 a - a +0 robe (worn)
Scrolls
 f - a scroll of remove curse {unknown}
 g - a scroll of identify {unknown}
 l - a scroll of amnesia {unknown}
 m - a scroll of enchant armour {unknown}
 n - a scroll of noise
Jewellery
 d - an amulet of rage (around neck)
 h - an uncursed ring of protection from magic {unknown}
 i - an uncursed ring of see invisible {unknown}
Books
 c - a book of Conjurations

   Spells                             Type                      Level
   *Magic Dart                        Conjuration                  1
   *Searing Ray                       Conjuration                  2
   Dazzling Spray                     Conjuration/Hexes            3
   Iskenderun's Mystic Blast          Conjuration                  4
   Iskenderun's Battlesphere          Conjuration/Charms           4
   Fulminant Prism                    Conjuration/Hexes            5


   Skills:
 - Level 2.1 Dodging
 - Level 3.0 Stealth
 - Level 1.0 Spellcasting
 * Level 4.5 Conjurations


You had 2 spell levels left.
You knew the following spells:

 Your Spells              Type           Power        Failure   Level  Hunger
a - Magic Dart            Conj           ###.         3%          1    ##.....
s - Searing Ray           Conj           ###...       6%          2    ###....


Dungeon Overview and Level Annotations

Branches:
Dungeon (3/16)

Altars:

Annotations:
D:3 Grinder, Sigmund


Innate Abilities, Weirdness & Mutations

You have razor-sharp teeth.*
You have supernaturally acute eyesight.
You can survive without breathing.*


Message History

Sigmund casts a spell at you. The magic dart hits you!
* * * LOW HITPOINT WARNING * * *
Read which item? (? for menu, Esc to quit)
As you read the scroll labeled YVVAW TOSUE, it crumbles to dust.
You hear a loud clanging noise!
It was a scroll of noise.
You hear a shout!
A hobgoblin comes into view.
The hobgoblin completely misses you. Sigmund gestures at you while chanting.
The magic dart hits you!
* * * LOW HITPOINT WARNING * * *
Grinder comes into view.
Grinder shouts!
Grinder gestures at you.
You suddenly lose the ability to move!
The hobgoblin hits you but does no damage.
Sigmund hits you from afar with a scythe.
You die...

......##........ ...
......##.......# ## (.#
...............#..#
...............#..#
..................
...............#
...............#
..%............######.#..
........##..>.@g@........
........#####........5#..
####..### #........... . .
####..#######.........#.#...#
............................#
####..##....#########.#.##..#
## .....(......# #.#.##..# #.
####..##....# #.#)##..## #.
#..###.###########........###.


You could see Grinder, Sigmund and a hobgoblin.

Vanquished Creatures
  2 halflings (D:1)
  An adder (D:2)
  A giant gecko (D:2)
  7 bats
  2 giant cockroaches (D:1)
  5 goblins
  6 hobgoblins
  10 kobolds
  4 giant newts
  5 rats
  2 bushes (D:1)
  2 plants (D:1)
47 creatures vanquished.

Vanquished Creatures (others)
  A halfling (D:1)
1 creature vanquished.

Grand Total: 48 creatures vanquished

Notes
Turn   | Place    | Note
--------------------------------------------------------------
     0 | D:1      | PolkaDot, the Vampire Conjurer, began the quest for the Orb.
     0 | D:1      | Reached XP level 1. HP: 13/13 MP: 4/4
     0 | D:1      | Noticed a troll skeleton
     3 | D:1      | Noticed a troll skeleton
     8 | D:1      | Noticed a spriggan skeleton
    12 | D:1      | Noticed a centaur skeleton
    14 | D:1      | Noticed an elf skeleton
    18 | D:1      | Noticed a centaur skeleton
    19 | D:1      | Noticed a minotaur skeleton
   250 | D:1      | Reached XP level 2. HP: 17/19 MP: 5/5
   900 | D:1      | Learned a level 2 spell: Searing Ray
  1063 | D:1      | Reached XP level 3. HP: 11/24 MP: 2/6
  1132 | D:1      | Reached skill level 4 in Conjurations
  1132 | D:1      | Reached XP level 4. HP: 7/30 MP: 4/8
  3490 | D:3      | Noticed Sigmund
  3521 | D:3      | Noticed Grinder
  3521 | D:3      | Paralysed by Grinder for 5 turns
  3523 | D:3      | Slain by Sigmund

Action                   |  1- 3 |  4- 6 || total
-------------------------+-------+-------++-------
Melee: Club              |    20 |       ||    20
       Dagger            |   362 |     2 ||   364
       Short sword       |       |    34 ||    34
 Cast: Magic Dart        |    20 |    22 ||    42
       Searing Ray       |     3 |    24 ||    27
  Use: Potion            |     5 |     1 ||     6
       Scroll            |       |     1 ||     1
 Stab: Sleeping          |     2 |     3 ||     5
